Map: Oxide LE

Players

Bunny

  • Race: Terran Terran
  • Spawn Location: 7:00

Dark - Winner!

  • Race: Zerg Zerg
  • Spawn Location: 1:00

Event: IEM Katowice 2021

VOD

Have the link to the VOD?

Description

Time

  • Played on: Feb. 23, 2021, 8:50 a.m.
  • Length: 31:58

All games in this series

Show
View Real Time Build Order
Export as new Build Order

Bunny Terran 

Build Orders: Reaper Expand, Banshee Rush 

Get SALT Encoding   

  12  0:00  SCV  
  13  0:12  SCV  
  14  0:17  Supply Depot  
  14  0:24  SCV  
  15  0:39  SCV, Barracks  
  16  0:43  Refinery  
  16  0:51  SCV  
  17  1:03  SCV  
  18  1:15  SCV  
  19  1:26  Reaper  
  19  1:27  Orbital Command  
  20  1:40  Command Center  
  20  1:51  Supply Depot  
  20  1:52  SCV  
  21  1:58  Marine  
  22  2:04  SCV  
  22  2:07  Factory  
  23  2:16  SCV, Marine  
  23  2:18  Refinery  
  25  2:28  SCV  
  26  2:41  SCV  
  27  2:51  Factory Tech Lab, Starport  
  27  2:52  Orbital Command  
  27  2:53  SCV  
  28  3:06  SCV  
  28  3:10  Command Center  
  28  3:12  Barracks Reactor  
  29  3:18  SCV x2  
  31  3:23  Hellion  
  33  3:30  SCV  
  33  3:31  SCV  
  35  3:34  Banshee  
  35  3:37  Cloaking Field  
  38  3:42  SCV  
  38  3:43  SCV  
  38  3:44  Hellion  
  42  3:50  Marine x2, Supply Depot  
  42  3:54  SCV  
  42  3:55  SCV  
  46  4:09  Factory Tech Lab  
  46  4:11  SCV x2  
  48  4:17  Banshee  
  48  4:23  SCV x2, Orbital Command  
  52  4:35  SCV x2  
  52  4:36  Barracks  
  54  4:38  Barracks  
  54  4:40  Stimpack  
  54  4:41  Factory Reactor  
  54  4:42  Supply Depot  
  54  4:45  Marine  
  55  4:47  SCV x2  
  55  4:48  Engineering Bay x2  
  55  4:50  SCV  
  58  4:56  Refinery x2  
  58  5:00  SCV x2  
  58  5:02  SCV  
  61  5:08  Marauder  
  61  5:09  Supply Depot  
  61  5:12  SCV x2, Orbital Command  
  61  5:13  Starport Reactor  
  65  5:23  Terran Infantry Weapons Level 1, Terran Infantry Armor Level 1  
  65  5:24  SCV, Marine x2  
  65  5:27  SCV, Supply Depot  
  69  5:32  Marine  
  70  5:36  SCV  
  70  5:38  Supply Depot  
  70  5:39  SCV  
  70  5:40  Marine  
  70  5:41  Marine  
  70  5:42  Marine x2  
  76  5:45  Siege Tank  
  76  5:48  SCV  
  76  5:49  Barracks, Marine  
  80  5:50  SCV  
  80  5:51  Medivac, SCV, Barracks  
  80  5:55  Medivac  
  87  6:00  SCV  
  87  6:02  SCV, Armory  
  87  6:04  Marine x4  
  90  6:05  SCV  
  90  6:06  Supply Depot  
  90  6:07  Marine  
  95  6:13  SCV  
  95  6:15  SCV  
  95  6:17  SCV  
  98  6:19  Siege Tank  
  98  6:25  Combat Shield  
  101  6:27  Marine x5  
  101  6:28  SCV  
  101  6:29  Supply Depot  
  101  6:30  SCV x2  
  101  6:31  Supply Depot  
  109  6:34  Refinery  
  109  6:35  Refinery  
  109  6:41  Supply Depot x2  
  109  6:43  Barracks Reactor  
  109  6:47  Barracks Reactor  
  109  6:50  Medivac x2  
  113  6:54  Supply Depot  
  113  6:55  Supply Depot  
  113  6:57  Marine x5  
  118  7:02  Siege Tank  
  118  7:03  SCV x2  
  118  7:04  SCV  
  123  7:21  Marauder, Marine  
  123  7:22  Marine x5  
  128  7:24  SCV x3  
  128  7:26  Factory  
  128  7:28  Medivac x2  
  135  7:32  Command Center  
  135  7:34  Terran Infantry Weapons Level 2  
  137  7:41  Terran Infantry Armor Level 2  
  137  7:42  Supply Depot  
  135  7:44  Supply Depot  
  135  7:46  Supply Depot  
  135  7:49  Marauder  
  134  7:53  Marine x6  
  134  7:54  Marine  
  134  7:55  Marine  
  134  7:58  Siege Tank  
  145  7:59  Terran Vehicle Weapons Level 1  
  145  8:10  Marauder, Marine  
  145  8:11  Marine x5  
  153  8:14  Factory Tech Lab  
  153  8:16  Medivac x2  
  157  8:22  Marine x2  
  159  8:27  Barracks x2  
  159  8:28  Sensor Tower  
  159  8:29  Barracks  
  159  8:32  Marauder  
  161  8:34  Siege Tank  
  161  8:35  Siege Tank  
  161  8:40  Supply Depot  
  167  8:46  Medivac  
  157  9:04  Marauder  
  157  9:06  Marine x3, Siege Tank  
  157  9:07  Marine x4, Siege Tank  
  157  9:08  SCV x3  
  168  9:18  Medivac x2  
  168  9:19  Planetary Fortress  
  168  9:20  SCV x2  
  168  9:21  SCV  
  173  9:30  Missile Turret  
  168  9:38  Siege Tank  
  168  9:39  Siege Tank  
  168  9:43  Marauder  
  168  9:44  Barracks Tech Lab x3  
  167  9:47  Refinery  
  167  9:48  Refinery  
  167  9:50  Command Center x2  
  167  9:56  Command Center  
  167  10:02  Terran Infantry Weapons Level 3  
  167  10:04  SCV x3  
  167  10:06  Concussive Shells  
  164  10:34  Terran Vehicle Weapons Level 2, Missile Turret, Ghost Academy  
  164  10:35  Terran Infantry Armor Level 3  
  164  10:36  Missile Turret  
  164  10:38  Liberator  
  167  10:43  Sensor Tower  
  167  10:44  Missile Turret  
  167  10:55  Siege Tank x2  
  167  10:56  Marauder x3  
  167  10:57  Marauder  
  181  10:58  Marine x6  
  186  11:04  Orbital Command x2  
  186  11:10  Missile Turret  
  186  11:12  Missile Turret  
  186  11:18  Ghost  
  186  11:19  Ghost x3  
  194  11:27  Missile Turret  
  194  11:29  Personal Cloaking  
  194  11:31  Starport  
  194  11:33  SCV x4  
  198  11:42  Missile Turret  
  198  11:43  Missile Turret, Planetary Fortress  
  198  11:45  Missile Turret  
  198  11:46  Refinery x2  
  198  11:47  Missile Turret  
  198  11:50  Sensor Tower  
  198  12:05  Ghost x2  
  198  12:06  Ghost x2  
  188  12:27  Siege Tank  
  188  12:32  Missile Turret  
  188  12:34  Ghost x3  
  188  12:35  Command Center, Orbital Command  
  191  12:44  Ghost  
  193  12:54  Missile Turret  
  193  12:55  Nuke, Ghost Academy  
  193  12:56  Missile Turret  
  193  12:57  Ghost Academy  
  193  13:01  Missile Turret  
  193  13:02  Ghost x2  
  196  13:12  Ghost  
  189  13:13  Ghost  
  189  13:16  Missile Turret  
  188  13:27  Starport Reactor  
  188  13:28  Nuke  
  188  13:29  Nuke  
  188  13:30  Fusion Core  
  188  13:37  Command Center  
  188  13:38  Command Center  
  188  13:39  Command Center  
  188  13:44  Command Center  
  188  13:50  Ghost x2  
  188  13:51  Marauder x2, Marine x2  
  188  13:52  Marine x4  
  188  13:53  Viking  
  188  13:54  Viking  
  179  14:06  Nuke  
  179  14:12  Neosteel Armor  
  179  14:13  Terran Vehicle Weapons Level 3, Hi-Sec Auto Tracking  
  179  14:15  Orbital Command  
  179  14:18  Missile Turret  
  179  14:19  Missile Turret  
  179  14:31  Nuke  
  179  14:33  Advanced Ballistics  
  179  14:34  Ghost Academy  
  177  14:46  Liberator x3  
  177  14:47  Liberator, Missile Turret x2, Sensor Tower  
  177  14:48  Missile Turret x2  
  177  14:49  Missile Turret  
  177  14:51  Missile Turret  
  187  15:06  Siege Tank  
  187  15:07  Siege Tank  
  190  15:14  Orbital Command  
  190  15:16  Orbital Command x2  
  190  15:29  Nuke  
  190  15:30  Nuke, Starport  
  190  15:32  Missile Turret x2  
  190  15:33  Missile Turret  
  190  15:34  Missile Turret  
  190  15:36  Sensor Tower  
  190  15:42  Missile Turret  
  190  15:43  Missile Turret  
  188  15:54  Liberator  
  188  15:55  Liberator x2, Viking  
  199  15:57  Refinery  
  199  15:59  Refinery  
  199  16:06  Sensor Tower, Planetary Fortress  
  199  16:32  Medivac, Starport Reactor  
  195  16:48  Missile Turret x2  
  195  16:49  Missile Turret  
  195  16:50  Command Center  
  195  17:05  Nuke x4  
  195  17:10  Starport  
  195  17:21  Liberator  
  198  17:28  Siege Tank x2  
  182  17:33  Liberator x4  
  182  17:36  Ghost  
  182  17:37  Ghost  
  177  17:43  Marine  
  182  17:46  Liberator  
  179  17:53  Sensor Tower  
  179  17:55  Missile Turret  
  179  17:56  Missile Turret x2  
  179  17:58  Terran Ship Weapons Level 1  
  176  17:59  Armory  
  176  18:00  Siege Tank x2  
  176  18:03  Liberator  
  185  18:16  Viking  
  187  18:23  Missile Turret  
  187  18:25  Missile Turret  
  187  18:32  Command Center, Siege Tank  
  187  18:34  Command Center x2  
  190  18:37  Command Center  
  190  18:38  Nuke  
  190  18:39  Nuke  
  187  18:53  Enhanced Shockwaves  
  187  18:55  Terran Vehicle And Ship Armor Level 1  
  178  19:11  Siege Tank x2  
  178  19:13  Marauder x4, Marine  
  178  19:15  Marine x6  
  183  19:20  Viking x2  
  183  19:21  Viking x3  
  193  19:26  Viking  
  193  19:28  Starport Reactor  
  193  19:34  Marauder  
  192  19:39  Missile Turret  
  192  19:40  Missile Turret  
  192  19:41  Missile Turret x2  
  192  19:46  Nuke  
  192  19:47  Nuke, Orbital Command  
  192  19:48  Orbital Command x2  
  190  19:55  Viking x3  
  190  19:56  Viking x2  
  200  20:03  Missile Turret x2  
  200  20:04  Missile Turret  
  200  20:05  Sensor Tower x2, Missile Turret  
  200  20:06  Missile Turret  
  198  20:12  Nuke  
  198  20:16  Viking  
  175  20:43  Planetary Fortress  
  175  20:48  Nuke  
  168  20:50  Ghost x4  
  168  20:54  Barracks  
  168  20:55  Barracks  
  168  20:56  Medivac x2, Viking x3  
  176  21:21  Viking x2  
  176  21:22  Liberator  
  176  21:23  Ghost x4  
  191  21:26  Terran Ship Weapons Level 2, Terran Vehicle And Ship Armor Level 2  
  191  21:51  Ghost x2  
  191  21:52  Ghost  
  186  22:01  Ghost  
  167  22:16  Marine x8  
  167  22:17  Barracks Tech Lab  
  167  22:19  Barracks Tech Lab  
  167  22:20  Ghost x3  
  167  22:21  Liberator  
  167  22:22  Liberator x2  
  137  22:30  Ghost  
  137  22:31  Orbital Command  
  139  22:45  Ghost x2  
  139  22:46  Marine x8  
  139  22:48  Ghost x2  
  139  22:49  Ghost  
  139  22:50  Medivac  
  157  22:58  Marine  
  157  23:04  Marine x8  
  162  23:22  Marine x5  
  162  23:25  Refinery x2  
  159  23:29  Viking  
  159  23:30  Medivac x3, Viking  
  159  23:32  Marine x5  
  171  23:34  Marine x4  
  171  23:40  Marine x4  
  179  23:50  Missile Turret x3  
  179  23:53  Marine  
  179  23:54  Marine x2  
  186  23:57  Viking  
  186  23:59  Viking x3  
  186  24:00  Viking  
  192  24:10  Marauder x4  
  192  24:15  Command Center  
  198  24:47  Missile Turret  
  196  25:09  Nuke x3  
  196  25:10  Nuke  
  196  25:19  Viking x2  
  199  25:28  Planetary Fortress  
  196  25:41  Ghost x3  
  196  25:46  Missile Turret  
  196  25:53  Viking  
  177  26:07  Ghost  
  147  26:12  Marine x4  
  147  26:14  Marine  
  144  26:18  Marine  
  144  26:19  Marine x5  
  144  26:25  Marine  
  151  26:35  Marine  
  151  26:36  Marine x7  
  152  26:42  Viking x2  
  152  26:43  Ghost x2  
  160  26:58  Ghost x2  
  162  27:14  Marine  
  162  27:15  Marine x8  
  158  27:41  Ghost x2  
  160  27:46  Marine x6  
  160  27:48  Medivac  
  164  28:16  Viking x2  
  162  28:45  Missile Turret  
  136  29:38  Marine  
  51  31:22  Orbital Command  
Show
View Real Time Build Order
Export as new Build Order

Dark Zerg - Winner!

Build Orders: Hatch First, Lurkers 

Get SALT Encoding   

  12  0:00  Drone  
  13  0:12  Overlord  
  13  0:17  Drone  
  14  0:30  Drone x2  
  16  0:47  Hatchery  
  15  0:51  Drone  
  15  0:55  Drone  
  17  0:57  Drone  
  18  1:10  Extractor  
  17  1:14  Spawning Pool  
  17  1:17  Drone  
  17  1:19  Drone  
  18  1:29  Drone  
  19  1:40  Drone  
  20  1:50  Drone  
  21  2:00  Queen x2  
  25  2:01  Zergling x4  
  27  2:11  Overlord  
  27  2:15  Drone  
  28  2:19  Extractor  
  27  2:25  Extractor  
  27  2:26  Drone  
  27  2:29  Drone  
  29  2:32  Drone  
  29  2:33  Drone  
  29  2:36  Hatchery  
  31  2:40  Queen  
  33  2:46  Overlord  
  33  2:48  Drone  
  34  2:53  Drone  
  34  2:54  Drone  
  36  3:04  Overlord  
  36  3:13  Overlord  
  36  3:20  Metabolic Boost  
  36  3:21  Queen  
  36  3:22  Drone x4  
  36  3:26  Drone  
  43  3:31  Drone  
  44  3:36  Roach Warren  
  44  3:38  Drone  
  44  3:39  Drone  
  44  3:40  Drone x2  
  47  3:48  Drone x5  
  50  3:50  Queen  
  50  3:54  Extractor  
  53  3:58  Overlord  
  53  4:01  Drone x2  
  55  4:07  Overlord  
  55  4:09  Lair  
  55  4:14  Overlord  
  55  4:16  Drone x2  
  57  4:22  Drone  
  57  4:23  Drone  
  59  4:25  Roach x2  
  59  4:30  Roach  
  65  4:31  Drone x2  
  65  4:32  Drone  
  65  4:35  Drone x3  
  65  4:36  Spore Crawler  
  70  4:40  Drone  
  70  4:42  Extractor  
  70  4:43  Extractor  
  70  4:44  Drone  
  70  4:46  Drone, Spore Crawler  
  70  4:52  Drone  
  71  4:54  Drone x4  
  71  4:58  Spore Crawler  
  72  5:02  Drone  
  72  5:05  Drone x4  
  74  5:07  Spore Crawler  
  74  5:08  Drone x4  
  74  5:10  Glial Reconstitution  
  74  5:13  Overseer  
  78  5:14  Drone x2  
  80  5:22  Drone  
  80  5:23  Overlord  
  81  5:29  Evolution Chamber x2  
  81  5:30  Extractor  
  81  5:31  Extractor, Drone x2  
  81  5:32  Drone  
  80  5:41  Hatchery  
  78  5:45  Roach x3, Drone  
  78  5:46  Drone x5  
  90  5:51  Overlord  
  90  5:58  Overlord  
  90  5:59  Overlord  
  90  6:04  Infestation Pit  
  90  6:06  Hydralisk Den  
  90  6:07  Overlord  
  90  6:10  Roach x4  
  96  6:13  Roach  
  96  6:17  Roach  
  96  6:18  Roach x3  
  106  6:19  Overlord  
  106  6:24  Roach x3  
  106  6:25  Roach  
  114  6:27  Overlord  
  114  6:29  Zerg Missile Weapons Level 1  
  114  6:31  Zerg Ground Armor Level 1  
  114  6:36  Drone  
  114  6:37  Overlord  
  114  6:38  Drone x2  
  117  6:42  Hive  
  117  6:44  Drone  
  117  6:45  Lurker Den, Drone  
  118  6:47  Drone  
  119  6:54  Drone x2  
  119  6:55  Drone  
  119  7:01  Extractor  
  121  7:02  Extractor  
  121  7:06  Drone x5  
  121  7:07  Hatchery  
  122  7:25  Spore Crawler  
  122  7:26  Drone x3  
  122  7:27  Spore Crawler  
  122  7:29  Roach  
  139  7:30  Roach x7  
  139  7:36  Zergling x14  
  146  7:38  Overlord  
  146  7:44  Overlord x3  
  146  7:52  Overlord  
  146  7:55  Adaptive Talons  
  146  7:57  Overseer, Viper x2  
  152  8:00  Overlord  
  152  8:02  Overlord  
  152  8:03  Hydralisk x3  
  158  8:07  Hydralisk x2  
  161  8:22  Hydralisk x2  
  161  8:24  Zerg Missile Weapons Level 2  
  165  8:30  Lurker x3  
  165  8:31  Hydralisk x3  
  174  8:35  Drone x10  
  184  8:42  Lurker  
  184  8:43  Lurker  
  186  8:52  Seismic Spines  
  179  9:01  Zerg Ground Armor Level 2  
  172  9:06  Drone x3  
  172  9:08  Lurker x2  
  172  9:09  Drone x3, Spore Crawler  
  179  9:16  Drone x7  
  179  9:17  Drone x2  
  182  9:18  Drone  
  183  9:26  Hydralisk x3  
  183  9:27  Zergling x2  
  189  9:38  Hatchery  
  189  9:42  Hydralisk x2  
  189  9:53  Lurker x6  
  189  9:54  Spore Crawler x2  
  193  10:05  Evolution Chamber, Baneling Nest  
  191  10:14  Hydralisk x3, Viper, Grooved Spines  
  189  10:15  Lurker  
  199  10:22  Lurker  
  199  10:32  Zerg Melee Weapons Level 1  
  199  10:34  Drone  
  200  10:42  Zerg Missile Weapons Level 3  
  200  10:49  Spore Crawler  
  199  10:51  Drone x2, Spore Crawler  
  199  10:52  Drone x2  
  199  10:54  Overseer, Pneumatized Carapace  
  199  10:56  Centrifical Hooks  
  200  11:01  Overseer x2, Overlord  
  200  11:02  Drone x2  
  200  11:04  Extractor  
  200  11:09  Spine Crawler  
  200  11:10  Spine Crawler  
  198  11:11  Extractor, Drone x2  
  198  11:13  Overseer, Drone x2  
  198  11:14  Overlord x2  
  200  11:21  Zerg Ground Armor Level 3  
  200  11:25  Muscular Augments  
  200  11:48  Pathogen Glands  
  199  12:06  Drone x5  
  199  12:07  Drone  
  174  12:10  Drone x2  
  174  12:13  Hydralisk x4  
  174  12:19  Lurker Den  
  171  12:28  Hydralisk x3, Hatchery  
  171  12:29  Hydralisk x2  
  180  12:40  Zerg Melee Weapons Level 2  
  172  12:49  Zergling x2  
  172  12:50  Zergling x54  
  200  12:58  Overlord x2  
  200  13:07  Hatchery  
  187  13:29  Drone x3  
  187  13:31  Drone  
  187  13:32  Drone x4  
  195  13:35  Drone x4, Spore Crawler  
  195  13:38  Overseer, Spore Crawler  
  195  13:40  Baneling x13, Spore Crawler  
  195  13:41  Spore Crawler x2  
  194  13:48  Spore Crawler  
  186  13:56  Drone x14  
  186  14:01  Spire x2  
  186  14:02  Neural Parasite  
  198  14:03  Burrow  
  197  14:27  Extractor  
  196  14:31  Drone x4  
  196  14:32  Drone  
  200  14:39  Spine Crawler x2, Extractor, Drone x2  
  200  14:40  Spine Crawler, Extractor  
  200  14:43  Spore Crawler  
  176  15:13  Overlord, Drone x2  
  176  15:14  Drone  
  179  15:16  Zergling x2  
  179  15:17  Zergling x38  
  179  15:19  Zerg Melee Weapons Level 3  
  179  15:20  Zerg Flyer Weapons Level 1  
  179  15:21  Zerg Flyer Armor Level 1  
  199  15:37  Overlord  
  199  15:42  Spore Crawler x3  
  196  15:49  Overseer x2  
  196  16:07  Zergling x6  
  192  17:14  Spore Crawler  
  192  17:15  Spore Crawler x2  
  190  17:16  Spore Crawler x3  
  190  17:17  Spore Crawler x3  
  190  17:18  Spore Crawler  
  190  17:19  Spore Crawler  
  122  17:41  Drone x3  
  124  17:47  Infestor x6  
  124  17:50  Drone x4  
  124  17:51  Drone x3  
  140  17:56  Drone x4  
  140  17:57  Drone x3  
  147  18:01  Drone x2  
  147  18:02  Drone x3  
  147  18:03  Drone x3  
  147  18:04  Zerg Flyer Weapons Level 2  
  147  18:05  Greater Spire  
  155  18:20  Zergling x48  
  179  18:27  Spore Crawler  
  179  18:30  Corruptor x2  
  179  18:33  Corruptor x3  
  165  18:56  Corruptor x4  
  165  18:57  Corruptor x2  
  151  19:19  Corruptor x7  
  160  19:25  Zergling x22  
  166  19:31  Lurker x5  
  166  19:32  Lurker x3, Baneling  
  166  19:33  Baneling x11  
  166  19:34  Zergling x10  
  176  19:42  Zergling x14  
  176  19:44  Zergling x2  
  184  19:49  Zergling x2  
  185  19:54  Brood Lord x4  
  185  19:55  Brood Lord x3  
  199  20:08  Overlord  
  180  20:45  Infestor x4  
  183  20:51  Viper  
  183  20:52  Viper x2  
  183  20:53  Zerg Flyer Weapons Level 3, Zerg Flyer Armor Level 2  
  183  21:11  Drone x3  
  183  21:12  Zergling x2, Drone x2  
  183  21:13  Zergling x24  
  183  21:15  Baneling x11  
  199  21:18  Overseer x2  
  198  21:45  Spore Crawler x2  
  191  21:53  Corruptor x3  
  183  22:01  Corruptor x2  
  183  22:02  Corruptor x2  
  171  22:18  Corruptor x2  
  171  22:19  Infestor x3  
  171  22:20  Infestor  
  181  22:28  Brood Lord x6  
  181  22:29  Brood Lord x2  
  197  22:31  Corruptor  
  188  22:49  Zergling x6  
  188  22:50  Zergling x26  
  200  22:59  Spore Crawler x2  
  200  23:00  Spore Crawler  
  200  23:04  Zergling x10  
  195  23:12  Zergling x2  
  195  23:13  Zergling x10  
  199  23:23  Zergling x12  
  199  23:24  Adrenal Glands  
  196  23:30  Drone x20  
  196  23:33  Zergling x8  
  196  23:34  Zergling x2  
  190  23:45  Infestor x2  
  190  23:48  Zergling x12  
  200  23:55  Hatchery  
  199  23:57  Baneling x7  
  199  24:03  Spore Crawler  
  199  24:04  Spore Crawler  
  197  24:13  Overseer x2  
  197  24:21  Zergling x2  
  197  24:22  Zergling x4  
  200  24:44  Spine Crawler  
  199  24:45  Spine Crawler  
  199  24:47  Spine Crawler  
  199  24:51  Zergling x2  
  199  24:52  Zergling x4  
  184  25:29  Infestor x4  
  184  25:34  Infestor x4  
  195  25:48  Spore Crawler  
  190  26:00  Corruptor x3  
  190  26:01  Corruptor x2  
  196  26:06  Corruptor x6  
  153  26:18  Corruptor  
  153  26:19  Corruptor  
  148  26:26  Corruptor x2  
  146  26:37  Corruptor x2  
  144  26:40  Zergling x2  
  144  26:41  Zergling x16  
  144  26:46  Zergling x2  
  154  26:53  Zergling x4  
  155  27:22  Viper x2  
  149  27:47  Zergling x2  
  149  27:48  Zergling x14  
  157  27:54  Zergling x4  
  157  27:57  Baneling x2  
  159  28:06  Zergling x4  
  155  28:26  Infestor x2  
  159  28:42  Spore Crawler  
  159  28:44  Spore Crawler  
  159  28:45  Zergling x12  
  163  29:02  Infestor  
  162  29:13  Zergling x20  
  172  29:20  Infestor x15  
  159  29:36  Zergling x18  
  142  29:44  Zergling x6  
  101  29:54  Zergling x8  
  101  29:57  Infestor x14  
  101  29:59  Zergling x4  
  107  30:01  Baneling  
  105  30:10  Baneling x3  
  105  30:11  Hydralisk  
  105  30:15  Hydralisk  
  105  30:21  Hydralisk  
  107  30:25  Hydralisk  
  111  30:31  Hydralisk  
  113  30:46  Lurker x2  
  113  30:49  Hydralisk x2  
  119  30:58  Lurker  
  120  31:05  Lurker  
  120  31:06  Hydralisk x3  
  120  31:11  Viper  
  127  31:14  Baneling x4  
  130  31:22  Lurker  
  130  31:25  Viper  

Tags
 
Add a new tag
Caveats
  • Supply blocks, unpowered buildings, or Contaminate may cause inaccurate times.
  • Supply counts are checked every 10 seconds.